 Dungeon Crawl Stone Soup version 0.25-a0-67-g7dccc1bee0 (webtiles) character file.

Game seed: 3594718315566126781, levelgen mode: deterministic

0 Gargoyl the Skirmisher (level 1, -6/19 HPs)
             Began as a Draconian Abyssal Knight on Nov 2, 2019.
             Was a Follower of Lugonu.
             Killed from afar by a raiju (10 damage)
             ... with a living lightning
             ... on level 1 of the Abyss.
             The game lasted 00:00:17 (85 turns).

Gargoyl the Skirmisher (Draconian Abyssal Knight)     Turns: 85, Time: 00:00:18

Health: -6/19      AC:  4    Str: 14    XL:     1   Next: 0%
Magic:  2/2        EV: 12    Int: 12    God:    Lugonu [*.....]
Gold:   10         SH:  0    Dex: 10    Spells: 0/0 levels left

rFire    . . .     SeeInvis .   a - +1 hand axe
rCold    . . .     Gourm    .   (no shield)
rNeg     . . .     Faith    .   (armour unavailable)
rPois    .         Spirit   .   (helmet restricted)
rElec    .         Reflect  .   (no cloak)
rCorr    .         Harm     .   (no gloves)
MR       .....                  (no boots)
Stlth    +.........             (no amulet)
HPRegen  0.06/turn              (no ring)
MPRegen  0.08/turn              (no ring)

@: very slightly contaminated
A: unfitting armour, cold-blooded, AC +4
a: Depart the Abyss, Renounce Religion


You were on level 1 of the Abyss.
You worshipped Lugonu.
Lugonu was aware of your devotion.
You were not hungry.

You visited 0 branches of the dungeon, and saw 0 of its levels.
You visited the Abyss 1 time.

You collected 10 gold pieces.

Inventory:

Hand Weapons
 a - a +1 hand axe (weapon)
Comestibles
 b - a ration


   Skills:
 + Level 3.2 Fighting
 + Level 2.0 Axes
 + Level 2.1 Dodging
 + Level 2.0 Invocations


You couldn't memorise any spells.
You didn't know any spells.
Your spell library was empty.

Dungeon Overview and Level Annotations

Branches:
Dungeon (0/15)

Altars:


Innate Abilities, Weirdness & Mutations

Your plain brown scales are hard. (AC +4)
You cannot fit into any form of body armour.
You are cold-blooded and may be slowed by cold attacks.


Message History

You flicker back into view.
A small abomination comes into view.
A tentacle flies out from the starspawn's body!
Found a corrupted altar of Lugonu.
A starspawn tentacle comes into view.
You see here a scroll labeled XOEMOH VISTE.
c - a scroll labeled XOEMOH VISTE The small abomination hits you.
* * * LOW HITPOINT WARNING * * *
The small abomination barely misses you.
A raiju comes into view.
The raiju barks!
A tentacle flies out from the starspawn's body!
A starspawn tentacle comes into view.
As you read the scroll labeled XOEMOH VISTE, it crumbles to dust.
You feel momentarily disoriented.
It was a scroll of magic mapping.
The raiju bursts into living lightning!
The living lightning hits you!
Ouch! That really hurt!
You die...

.#......##..#.X..##...
# # ..# #.....# #. ..
# . . #. #.##..X
.X#..#.## .. #
...#.....#..####### #
.... #......#X### ..#
..##..
#..#...#.w.##..## . ..
.#......#........ .#.#
. #..#.#.x5h._#
....#####.@.### .###
#......# #...#..#....
.....###...## ...#.#..
..#. .##.##.. ..# ##
### ##


You could see a tentacled starspawn, a raiju, a small abomination, a starspawn
tentacle and a quasit.

Vanquished Creatures (others)
  11 starspawn tentacles (Abyss:1)
11 creatures vanquished.

Notes
Turn   | Place    | Note
-------+----------+-------------------------------------------
     0 | Abyss:1  | Gargoyl the Draconian Abyssal Knight began the quest for
                  | the Orb.
     0 | Abyss:1  | Reached XP level 1. HP: 19/19 MP: 2/2
    47 | Abyss:1  | Noticed a tentacled starspawn
    51 | Abyss:1  | Noticed a quasit
    76 | Abyss:1  | Noticed a small abomination
    78 | Abyss:1  | Found a corrupted altar of Lugonu.
    83 | Abyss:1  | Noticed a raiju
    85 | Abyss:1  | Killed from afar by a raiju

Levels and vault maps discovered:
Abyss:1

Action                   || total
-------------------------++-------
Melee: Hand axe          ||     2
  Use: Scroll            ||     1
       Potion            ||     1
Armor: Skin              ||     5
Dodge: Dodged            ||    18

Table legend:
 A = Non-vault XP
 B = Vault XP
 C = Vault XP percentage of total XP
 D = Non-vault monster count
 E = Vault monster count
 F = Vault count percentage of total count
                 A         B        C        D         E       F
            +---------+---------+-------+---------+---------+-------
      Total |       0 |       0 |   N/A |       0 |       0 |  -nan
            +---------+---------+-------+---------+---------+-------
            +---------+---------+-------+---------+---------+-------
